 Dungeon Crawl Stone Soup version 0.19.5 (webtiles) character file.

362 Rrauwl the Slasher (level 6, 0/48 HPs)
             Began as a Formicid Abyssal Knight on Mar 13, 2017.
             Was a Believer of Lugonu.
             Killed from afar by an orc wizard (1 damage)
             ... with a puff of flame
             ... on level 4 of the Dungeon.
             The game lasted 00:16:16 (3356 turns).

Rrauwl the Slasher (Formicid Abyssal Knight)        Turns: 3356, Time: 00:16:17

Health: 0/48       AC: 13    Str: 18    XL:     6   Next: 99%
Magic:  7/7        EV:  5    Int: 12    God:    Lugonu [**....]
Gold:   165        SH:  0    Dex: 10    Spells: 0 memorised, 5 levels left

rFire  . . .     SeeInvis +     a - +1 falchion
rCold  . . .     Gourm    .     f - +0 plate armour of Beghyth {-Tele rPois rN+ SInv}
rNeg   + . .     Faith    .     (no shield)
rPois  +         Spirit   .     (helmet unavailable)
rElec  .         Reflect  .     e - +1 cloak
rCorr  .         Harm     .     (no gloves)
MR     .....                    (no boots)
Stlth  ..........               (no amulet)
                                (no ring)
                                (no ring)

@: no status effects
A: permanent stasis, dig shafts and tunnels, four strong arms, antennae 3
a: Dig, Shaft Self, Depart the Abyss, Bend Space, Renounce Religion


You were on level 4 of the Dungeon.
You worshipped Lugonu.
Lugonu was pleased with you.
You were not hungry.

You visited 1 branch of the dungeon, and saw 4 of its levels.
You visited the Abyss 1 time.

You collected 165 gold pieces.

Inventory:

Hand Weapons
 a - a +1 falchion (weapon)
 i - a +4 quarterstaff of chaos
Missiles
 m - 85 sling bullets
Armour
 e - a +1 cloak (worn)
 f - the +0 plate armour of Beghyth (worn) {-Tele rPois rN+ SInv}
   (You found it on level 2 of the Abyss)

   It protects you from poison.
   It protects you from negative energy.
   It lets you see invisible.
   It prevents most forms of teleportation.
Scrolls
 b - 2 scrolls of noise
 j - 3 scrolls of identify
 k - 4 scrolls of remove curse
Potions
 h - a potion of agility
Comestibles
 c - 5 bread rations
 d - a chunk of flesh
 g - 7 fruits
 l - 3 meat rations
 n - a beef jerky


   Skills:
 - Level 4.1 Fighting
 + Level 6.4 Long Blades
 - Level 2.3 Armour
 - Level 1.0 Dodging
 - Level 2.1 Invocations


You had 5 spell levels left.
You didn't know any spells.

Dungeon Overview and Level Annotations

Branches:
Dungeon (4/15)
 Temple: D:4-7

Altars:
Elyvilon
Kikubaaqudgha
Okawaru
Ru
Sif Muna


Innate Abilities, Weirdness & Mutations

You are under a permanent stasis effect.
You can dig through walls and to a lower floor.
Your four strong arms can wield two-handed weapons with a shield.
You have a pair of large antennae on your head. (SInv)


Message History

The orc wizard is severely wounded.
The orc hits you but does no damage.
The orc throws a tomahawk.
The tomahawk closely misses the orc wizard.
The tomahawk hits you but does no damage.
The orc wizard hits you but does no damage.
You closely miss the orc wizard.
The orc wizard is severely wounded.
The orc wizard casts a spell at you. The magic dart hits you!
* * * LOW HITPOINT WARNING * * *
The orc throws a tomahawk.
The tomahawk closely misses the orc wizard.
The tomahawk hits you but does no damage.
The orc hits you but does no damage.
The orc wizard hits you but does no damage.
You hit the orc wizard.
The orc wizard is almost dead.
The orc wizard points at you and mumbles some strange words.
The puff of flame hits you!
You die...

#.# {. #.#### .o
#....#####....o.
#....'......{o
#....######.####
#....####.......
###oo....[#
#o##..........
#@##........#.
#.##........#
#.#####.....#
#.# ##+#.# #.#
.# #.. . ###


You could see an orc wizard (invisible) and 2 orcs.

Vanquished Creatures
  The ghost of Schimscham the Stinger, an amateur NaVM (D:3)
  Crazy Yiuf (D:2)
  An orc priest (D:4)
  An orc wizard (D:3)
  Jessica (D:2)
  5 adders
  2 oozes (D:1)
  5 worms
  3 dart slugs
  2 leopard geckos (D:1)
  6 orcs
  2 giant cockroaches (D:3)
  14 goblins
  13 hobgoblins
  2 jackals (D:3)
  9 kobolds
  4 quokkas
  A ball python (D:2)
  8 bats
  6 frilled lizards
  7 rats
94 creatures vanquished.

Vanquished Creatures (others)
  A dart slug (D:3)
  A hobgoblin (D:1)
2 creatures vanquished.

Grand Total: 96 creatures vanquished

Notes
Turn   | Place    | Note
-------+----------+-------------------------------------------
     0 | Abyss:1  | Rrauwl the Formicid Abyssal Knight began the quest for the Orb.
     0 | Abyss:1  | Reached XP level 1. HP: 18/18 MP: 2/2
    47 | Abyss:2  | Noticed an iron imp
    56 | Abyss:2  | Noticed a raiju
    82 | Abyss:2  | Noticed an apocalypse crab
    83 | Abyss:2  | Got an amethyst-encrusted plate armour
    84 | D:1      | Escaped the Abyss
    97 | D:1      | Identified the cursed +0 plate armour of Beghyth {-Tele rPois rN+ SInv} (You found it on level 2 of the Abyss)
   190 | D:1      | Reached skill level 1 in Dodging
   190 | D:1      | Reached XP level 2. HP: 24/24 MP: 3/3
   411 | D:1      | Reached XP level 3. HP: 26/30 MP: 4/4
   440 | D:1      | Reached * piety under Lugonu
   783 | D:1      | Reached skill level 3 in Long Blades
   912 | D:2      | Reached XP level 4. HP: 33/37 MP: 5/5
  1028 | D:2      | Noticed Jessica
  1035 | D:2      | Killed Jessica
  1041 | D:2      | Reached skill level 4 in Long Blades
  1041 | D:2      | Reached XP level 5. HP: 34/42 MP: 6/6
  1186 | D:2      | Found a runed door.
  1327 | D:2      | Reached ** piety under Lugonu
  1567 | D:2      | Found a sacrificial altar of Ru.
  1568 | D:2      | Found a deep blue altar of Sif Muna.
  1814 | D:2      | Noticed Crazy Yiuf
  1828 | D:2      | Killed Crazy Yiuf
  1952 | D:3      | Noticed Schimscham's ghost (amateur NaVM)
  1987 | D:3      | Killed Schimscham's ghost
  1987 | D:3      | Reached skill level 5 in Long Blades
  1987 | D:3      | Reached XP level 6. HP: 27/48 MP: 7/7
  2054 | D:3      | Found an iron altar of Okawaru.
  2566 | D:3      | Reached skill level 6 in Long Blades
  2815 | D:3      | Found a white marble altar of Elyvilon.
  2815 | D:3      | Found a faded altar of an unknown god.
  2820 | D:3      | Found a faded altar of an unknown god.
  2822 | D:3      | Found a faded altar of an unknown god.
  2824 | D:3      | Found a faded altar of an unknown god.
  3118 | D:3      | Found an ancient bone altar of Kikubaaqudgha.
  3349 | D:4      | HP: 2/48 [orc priest/dagger (1)]
  3355 | D:4      | HP: 1/48 [orc wizard/magic dart (2)]
  3356 | D:4      | Killed from afar by an orc wizard

Skill      XL: |  1  2  3  4  5  6 |
---------------+-------------------+-----
Dodging        | 1 |  1.0
Fighting       | 4 |  4.1
Long Blades    | 3 4 5 6 |  6.4
Armour         | |  2.3
Invocations    | |  2.1

Action                   |  1- 3 |  4- 6 || total
-------------------------+-------+-------++-------
Melee: Falchion          |   121 |   247 ||   368
Invok: Depart the Abyss  |     1 |       ||     1
  Use: Potion            |       |     7 ||     7
       Scroll            |       |     4 ||     4
  Eat: Chunk             |       |     5 ||     5
       Royal jelly       |       |     1 ||     1
       Pizza             |       |     1 ||     1
Armor: Plate armour      |    72 |   153 ||   225
Dodge: Dodged            |    38 |    35 ||    73
       Rpst.: Falchion   |    11 |    18 ||    29
